 Dungeon Crawl Stone Soup version 0.31-a0-193-gdfe2569204 (webtiles) character file.

Game seed: 8492204877132010063

1400 qw the Skirmisher (level 8, -9/46 HPs)
             Began as a Deep Elf Hunter on June 24, 2023.
             Was an Initiate of Okawaru.
             Killed by divine providence
             ... invoked by an orc priest
              (14 damage)
             ... on level 6 of the Dungeon.
             The game lasted 00:02:01 (5168 turns).

qw the Skirmisher (Deep Elf Hunter)                 Turns: 5168, Time: 00:02:01

Health: -9/46      AC: 12    Str:  5    XL:     8   Next: 41%
Magic:  10/10      EV: 13    Int: 18    God:    Okawaru [......]
Gold:   190        SH:  5    Dex: 18    Spells: 7/7 levels left

rFire   . . .        Y - +1 shortbow
rCold   . . .        (shield currently unavailable)
rNeg    + . .        j - +5 leather armour of Absence {Regen+ Str-5 Int+3 Stlth+}
rPois   .            g - +0 helmet
rElec   .            n - +0 cloak
rCorr   .            a - +1 pair of gloves {infuse}
SInv    .            (no boots)
Will    .....        k - amulet of reflection
Stlth   +++          i - ring of positive energy
HPRegen 1.07/turn    (no ring)
MPRegen 0.12/turn

%: reflection, infuse magic (1 MP)
@: no status effects
A: no striking features
a: Renounce Religion


You were on level 6 of the Dungeon.
You worshipped Okawaru.
Okawaru was noncommittal.
You visited 2 branches of the dungeon, and saw 7 of its levels.

You collected 190 gold pieces.


   Skills:
 - Level 3.3 Fighting
 + Level 12.7 Ranged Weapons
 - Level 1.5 Armour
 - Level 4.3 Dodging
 - Level 1.2 Stealth


You had 7 spell levels left.
You didn't know any spells.
Your spell library was empty.

Inventory:

Hand Weapons
 Y - a +1 shortbow (weapon)
Armour
 a - a +1 pair of gloves of infusion (worn)
 g - a +0 helmet (worn)
 j - the +5 leather armour of Absence (worn) {Regen+ Str-5 Int+3 Stlth+}
   (You found it on level 3 of the Dungeon)

   Str:       It affects your strength (-5).
   Int:       It affects your intelligence (+3).
   Regen:     It increases your rate of health regeneration.
   Stlth:     It makes you more stealthy.
 n - a +0 cloak (worn)
Jewellery
 i - a ring of positive energy (left hand)
 k - an amulet of reflection (around neck)
Wands
 r - a wand of digging (5)
Scrolls
 d - a scroll of identify
Potions
 b - a potion of resistance
 c - a potion of might {unknown}
 h - a potion of curing
 l - a potion of haste
 m - a potion of enlightenment
 p - a potion of magic {unknown}

Dungeon Overview and Level Annotations

Branches:
Dungeon (6/15)             Temple (1/1) D:5

Altars:
Cheibriados
Elyvilon
Fedhas
Kikubaaqudgha
Okawaru
Qazlal
Ru
Sif Muna
Trog
Uskayaw
Vehumet
Wu Jian
Xom
Zin
The Shining One


Message History

A gnoll comes into view. It is wielding a +0 spear.
You shoot an arrow. The arrow hits the gnoll.
The gnoll is severely wounded.
You are engulfed in a cloud of scalding steam.
The gnoll is engulfed in a cloud of scalding steam.
The gnoll dies!
A gnoll comes into view. It is wielding a +0 whip.
You shoot an arrow.
The arrow closely misses the gnoll sergeant.
The arrow closely misses the gnoll.
The arrow hits the gnoll.
The gnoll is lightly wounded.
You are engulfed in a cloud of scalding steam.
An orc priest comes into view. It is wielding a +0 flail.
A gnoll comes into view. It is wielding a +0 club.
You shoot an arrow. The arrow hits the steam dragon.
The steam dragon is heavily wounded.
You are engulfed in a cloud of scalding steam.
You shoot an arrow. The arrow hits the steam dragon.
The steam dragon is heavily wounded.
You are engulfed in a cloud of scalding steam.
The gnoll sergeant throws a poisoned dart.
The poisoned dart misses you.
You shoot an arrow.
The arrow hits the steam dragon but does no damage.
The steam dragon is heavily wounded.
You are engulfed in a cloud of scalding steam.
An orc comes into view.
It is wielding a +0 club and wearing a +0 scale mail of poison resistance.
The steam dragon breathes steam at you. The ball of steam hits you!
You hear a shout!
You hear an angry hiss.
You hear a shout! x3
You shoot an arrow.
The arrow barely misses the gnoll sergeant.
The arrow hits the gnoll but does no damage.
You are engulfed in a cloud of scalding steam.
The gnoll sergeant misses you.
You shoot an arrow. The arrow hits the steam dragon.
The steam dragon is heavily wounded.
The orc priest calls down the wrath of Beogh upon you.
Beogh smites you!
You die...

......#####..........
.......## #.............
........###.............
....###........#.(......
.....##.#..#...##...g...
......###.###..#.o.gg...
.#.#...##.# ##..$.g.....
.## #.....# #.....¤.....
#....## #¤¤@¤D...o.
##....####¤¤...8....
.....#.....¤¤.........
.....######............
..... ##..........! #...
...........# ....
.(..........# <..
.............?
..............


You could see a steam dragon (catching breath), a gnoll sergeant (poisoned), an
orc priest, 3 gnolls and an orc.

Vanquished Creatures
  Grinder (D:3)
  Sigmund (D:3)
  4 black bears (D:5)
  An ogre (D:5)
  A phantom (D:5)
  A crimson imp (D:5)
  A hound (D:6)
  2 orc priests
  3 iguanas
  Jessica (D:3)
  5 orc wizards
  2 adders (D:2)
  3 white imps (D:5)
  An ufetubus (D:5)
  2 worms
  6 dart slugs
  17 orcs
  6 ball pythons
  11 endoplasms
  5 giant cockroaches
  7 goblins
  5 hobgoblins
  3 jackals (D:1)
  7 kobolds
  A quokka (D:2)
  8 bats
  A frilled lizard (D:1)
  9 rats
115 creatures vanquished.

Vanquished Creatures (others)
  A gnoll (D:6)
1 creature vanquished.

Grand Total: 116 creatures vanquished

Notes
Turn   | Place    | Note
-------+----------+-------------------------------------------
     0 | D:1      | qw the Deep Elf Hunter began the quest for the Orb.
     0 | D:1      | Reached XP level 1. HP: 12/12 MP: 3/3
     0 | D:1      | 0 ||| qw: Version: 0.3-a-9-g12657ce
     0 | D:1      | 0 ||| qw: Game counter: 4697
     0 | D:1      | 0 ||| qw: Always use a shield: true
     0 | D:1      | 0 ||| qw: God list: Okawaru
     0 | D:1      | 0 ||| qw: Allow faded altars: false
     0 | D:1      | 0 ||| qw: Do Orc after D:15 true
     0 | D:1      | 0 ||| qw: Do second Lair branch before Depths: true
     0 | D:1      | 0 ||| qw: Lair rune preference: random
     0 | D:1      | 0 ||| qw: Plans: Normal
     0 | D:1      | 0 ||| PLANNING D:1-11
   117 | D:1      | Reached XP level 2. HP: 16/16 MP: 4/4
   127 | D:1      | Reached skill level 6 in Ranged Weapons
   245 | D:1      | 245 ||| Stepping ~*~*~tactically~*~*~ (outnumbered).
   292 | D:1      | Reached XP level 3. HP: 20/20 MP: 5/5
   626 | D:1      | 626 ||| UPGRADING to +0 pair of gloves.
   631 | D:1      | 631 ||| UPGRADING to amulet of reflection.
   636 | D:1      | 636 ||| READING 2 scrolls labelled NICIZ QENO KYU.
   637 | D:1      | 637 ||| READING scroll labelled HEUMPI KOANIOFEXE.
   638 | D:1      | 638 ||| READING scroll labelled EDEOMA RODELAPNE.
   639 | D:1      | 639 ||| READING scroll labelled JOKUCO NYSHURE.
   640 | D:1      | 640 ||| DROPPING scroll of noise.
   641 | D:1      | 641 ||| DROPPING scroll of butterflies.
   878 | D:2      | Reached skill level 7 in Ranged Weapons
  1262 | D:2      | Reached XP level 4. HP: 25/25 MP: 6/6
  1558 | D:2      | 1558 ||| UPGRADING to +0 ring mail.
  1568 | D:2      | 1568 ||| DROPPING +0 leather armour.
  1569 | D:2      | 1569 ||| READING scroll labelled WUGRAEM ZAELUX.
  1650 | D:3      | Noticed Grinder
  1655 | D:3      | 1655 ||| FLEEEEING.
  1656 | D:3      | 1656 ||| FLEEEEING.
  1685 | D:3      | Paralysed by Grinder for 4 turns
  1702 | D:3      | HP: 5/25 [Grinder/nerve-wracking pain (3)]
  1706 | D:3      | HP: 2/25 [Grinder (2)]
  1707 | D:3      | Killed Grinder
  1708 | D:3      | Reached skill level 9 in Ranged Weapons
  1708 | D:3      | Reached XP level 5. HP: 3/29 MP: 7/7
  1708 | D:3      | Reached XP level 6. HP: 3/34 MP: 8/8
  1866 | D:3      | Noticed Jessica
  1870 | D:3      | Killed Jessica
  1900 | D:3      | Noticed Sigmund
  1914 | D:3      | Killed Sigmund
  1915 | D:3      | Reached skill level 3 in Fighting
  2174 | D:3      | Identified the +5 leather armour of Absence {Regen+ Str-5
                  | Int+3 Stlth+}
  2396 | D:3      | Reached skill level 10 in Ranged Weapons
  2396 | D:3      | Reached XP level 7. HP: 14/41 MP: 9/9
  2683 | D:3      | Found a faded altar of an unknown god.
  3058 | D:3      | Reached skill level 3 in Dodging
  3168 | D:3      | 3168 ||| UPGRADING to +5 leather armour of Absence {Regen+
                  | Str-5 Int+3 Stlth+}.
  3178 | D:3      | 3178 ||| DROPPING +0 ring mail.
  3179 | D:3      | 3179 ||| UPGRADING to ring of positive energy.
  3180 | D:3      | 3180 ||| READING scroll labelled BEXALA MOUTAU.
  3181 | D:3      | 3181 ||| READING scroll labelled ARROGI DUUDGH.
  3181 | D:3      | Identified a scroll of acquirement
  3181 | D:3      | 3181 ||| ACQUIRING +1 pair of gloves of infusion
  3181 | D:3      | Acquired a +1 pair of gloves of infusion
  3183 | D:3      | 3183 ||| UPGRADING to +1 pair of gloves of infusion.
  3193 | D:3      | 3193 ||| DROPPING +0 pair of gloves.
  3194 | D:3      | 3194 ||| READING scroll labelled GAFIOM YMO OPACKI.
  3195 | D:3      | 3195 ||| DRINKING 2 grey potions.
  3667 | D:4      | Found a bloodstained altar of Trog.
  3866 | D:4      | 3866 ||| UPGRADING to +0 helmet.
  3871 | D:4      | 3871 ||| DRINKING 2 blue potions.
  3872 | D:4      | 3872 ||| READING 2 scrolls of identify.
  3872 | D:4      | 3872 ||| IDENTIFYING murky golden potion
  3879 | D:5      | Entered Level 5 of the Dungeon
  3897 | D:5      | Reached skill level 11 in Ranged Weapons
  3913 | D:5      | Found a snail-covered altar of Cheibriados.
  3928 | D:5      | 3928 ||| Stepping ~*~*~tactically~*~*~ (outnumbered).
  3930 | D:5      | 3930 ||| Stepping ~*~*~tactically~*~*~ (outnumbered).
  3932 | D:5      | 3932 ||| Stepping ~*~*~tactically~*~*~ (outnumbered).
  3934 | D:5      | 3934 ||| FLEEEEING.
  3936 | D:5      | 3936 ||| FLEEEEING.
  3962 | D:5      | 3962 ||| FLEEEEING.
  3963 | D:5      | 3963 ||| FLEEEEING.
  3964 | D:5      | 3964 ||| FLEEEEING.
  3965 | D:5      | 3965 ||| FLEEEEING.
  3966 | D:5      | 3966 ||| FLEEEEING.
  4075 | D:5      | Found a staircase to the Ecumenical Temple.
  4076 | D:5      | 4076 ||| PLANNING TEMPLE
  4076 | D:5      | 4076 ||| READING scroll labelled GAEPIT SYD HAN.
  4081 | D:5      | 4081 ||| READING 2 scrolls labelled EXETHR ONEIM.
  4097 | D:5      | 4097 ||| READING scroll labelled IGIC CAKKAERPHAU.
  4098 | D:5      | 4098 ||| DRINKING 2 fizzy golden potions.
  4101 | D:5      | 4101 ||| STAIRDANCE
  4204 | D:4      | 4204 ||| DROPPING potion of berserk rage.
  4205 | D:4      | 4205 ||| DROPPING scroll of torment.
  4248 | Temple   | Entered the Ecumenical Temple
  4281 | Temple   | 4281 ||| PLANNING D:1-11
  4428 | D:5      | Reached XP level 8. HP: 46/46 MP: 10/10
  4468 | D:5      | Reached skill level 12 in Ranged Weapons
  4479 | D:5      | Reached skill level 1 in Armour
  4508 | D:5      | Found an iron altar of Okawaru.
  4509 | D:5      | 4509 ||| PLANNING OKAWARU WORSHIP
  4509 | D:5      | 4509 ||| UPGRADING to +0 cloak.
  4514 | D:5      | 4514 ||| READING scroll labelled PIDIH UVAK.
  4515 | D:5      | 4515 ||| READING scroll labelled KOIMOQ QEGGU.
  4516 | D:5      | 4516 ||| READING 4 scrolls of identify.
  4516 | D:5      | 4516 ||| IDENTIFYING viscous red potion
  4517 | D:5      | 4517 ||| READING 3 scrolls of identify.
  4517 | D:5      | 4517 ||| IDENTIFYING emerald potion
  4518 | D:5      | 4518 ||| READING 2 scrolls of identify.
  4518 | D:5      | 4518 ||| IDENTIFYING silvery potion
  4519 | D:5      | 4519 ||| DROPPING potion of brilliance.
  4520 | D:5      | 4520 ||| DROPPING potion of degeneration.
  4526 | D:5      | Found an ornate altar of the Wu Jian Council.
  4527 | D:5      | Found a glowing golden altar of the Shining One.
  4528 | D:5      | Became a worshipper of Warmaster Okawaru
  4529 | D:5      | 4529 ||| PLANNING D:1-11
  4531 | D:5      | Found a blossoming altar of Fedhas.
  4531 | D:5      | Found a glowing silver altar of Zin.
  4532 | D:5      | Found an ancient bone altar of Kikubaaqudgha.
  4979 | D:6      | 4979 ||| READING scroll labelled OTHRIG VIOHIUFF.
  5166 | D:6      | HP: 8/46 [steam dragon/ball of steam (12)]
  5168 | D:6      | Killed from afar by an orc priest

Levels and vault maps discovered:
D:1:      psy_arrival_wood_between_worlds, layout_loops_ring, minmay_vboxes
D:2:      layout_basic, serial_rivers, chequers_serial_rivers_large_a,
          chequers_serial_rivers_room_b, chequers_serial_rivers_room_b,
          chequers_serial_rivers_small_a, chequers_serial_rivers_micro_b
D:3:      layout_loops_cross, shapermc_ecumenical_altar_petra,
          serial_co_window_serial, co_window_paths_a, co_window_paths_a,
          co_window_paths_a, co_window_of_opportunity_a, co_window_corner_a,
          co_window_of_opportunity_a, co_window_corner_b, co_window_2corner,
          co_window_corner_ca, co_window_of_opportunity_b, co_window_2corner,
          co_window_4corner_b, co_window_sun, glass_columns_a, glass_columns_c,
          minmay_distorted, uniq_grinder, uniq_jessica, uniq_sigmund
D:4:      layout_basic, marbit_many_paths, hangedman_abyss_or_decor_stabs
D:5:      layout_basic, nicolae_overflow_hallway_of_the_gods,
          minmay_temple_entry_trees, minmay_fire_ice_demons
D:6:      layout_cave_pools, grunt_temple_overflow_open,
          nicolae_hepliaklqana_hazy_memory, serial_column_ruins,
          column_ruins_hut, column_ruins_square_large, column_ruins_grid_1,
          column_ruins_open_tiny, column_ruins_open_small,
          column_ruins_open_tiny, nicolae_fountain_basement, uniq_menkaure
Temple:   nicolae_temple_little_seven

Skill      XL: |  1  2  3  4  5  6  7  8 |
---------------+-------------------------+-----
Ranged Weapons | 6 7 9 10 11 12 | 12.7
Fighting       | 3 |  3.3
Dodging        | 4 |  4.3
Armour         | 1 |  1.5
Stealth        | |  1.2

Action                     |  1- 3 |  4- 6 |  7- 9 || total
---------------------------+-------+-------+-------++-------
   Fire: Shortbow          |   106 |    87 |   260 ||   453
    Use: Scroll            |     4 |     1 |    13 ||    18
         Potion            |       |       |     3 ||     3
 Armour: Leather armour    |     7 |     4 |    28 ||    39
         Ring mail         |       |     4 |     4 ||     8
  Dodge: Dodged            |    11 |    14 |    43 ||    68
  Block: Other             |     2 |     2 |    18 ||    22
         Reflection        |       |       |     4 ||     4

Table legend:
 A = Non-vault XP
 B = Vault XP
 C = Vault XP percentage of total XP
 D = Non-vault monster count
 E = Vault monster count
 F = Vault count percentage of total count
                 A         B        C        D         E       F
            +---------+---------+-------+---------+---------+-------
      Total |    1338 |     663 |  33.1 |     102 |      14 |  12.1
            +---------+---------+-------+---------+---------+-------
        D:1 |      34 |      13 |  27.7 |      20 |       7 |  25.9
        D:2 |      64 |       0 |   0.0 |      22 |       0 |   0.0
        D:3 |     144 |     541 |  79.0 |      16 |       3 |  15.8
        D:4 |     118 |       2 |   1.7 |      21 |       1 |   4.5
        D:5 |     967 |      61 |   5.9 |      22 |       2 |   8.3
        D:6 |      11 |      46 |  80.7 |       1 |       1 |  50.0
            +---------+---------+-------+---------+---------+-------
